Map: Omicron

Players

zod - Winner!

  • Race: Protoss Protoss
  • League: Silver
  • Spawn Location: 7:00

MasteroP - Winner!

  • Race: Zerg Zerg
  • League: Silver
  • Spawn Location: 9:00

AlbertSPOT

  • Race: Protoss Protoss
  • Spawn Location: 1:00

JohnZSC

  • Race: Protoss Protoss
  • League: Bronze
  • Spawn Location: 3:00

VOD

Have the link to the VOD?

Description

Time

  • Played on: Jan. 15, 2016, 5:13 p.m.
  • Length: 13:56
Show
View Real Time Build Order
Export as new Build Order

zod Protoss - Winner!

Build Orders:  

Get SALT Encoding   

  12  0:01  Probe (Chrono Boost)  
  13  0:11  Probe (Chrono Boost)  
  14  0:22  Probe (Chrono Boost), Pylon  
  15  0:40  Probe (Chrono Boost)  
  15  0:42  Gateway  
  16  0:50  Probe (Chrono Boost)  
  17  1:00  Pylon  
  17  1:01  Probe (Chrono Boost)  
  18  1:06  Assimilator  
  18  1:10  Assimilator  
  18  1:11  Probe (Chrono Boost)  
  19  1:22  Probe (Chrono Boost)  
  20  1:31  Gateway  
  20  1:43  Probe (Chrono Boost)  
  21  1:55  Cybernetics Core  
  21  1:57  Probe (Chrono Boost)  
  22  2:07  Pylon  
  22  2:21  Probe (Chrono Boost)  
  22  2:29  Nexus  
  22  2:33  Probe (Chrono Boost)  
  22  2:35  Warp Gate  
  23  2:46  Robotics Facility  
  25  2:51  Mothership Core (Chrono Boost)  
  25  3:01  Adept  
  25  3:04  Adept  
  29  3:09  Probe (Chrono Boost)  
  30  3:20  Probe (Chrono Boost)  
  31  3:28  Pylon  
  31  3:30  Probe (Chrono Boost)  
  32  3:34  Pylon  
  32  3:37  Observer  
  32  3:38  Gateway  
  33  3:48  Probe x2 (Chrono Boost)  
  35  3:58  Probe (Chrono Boost)  
  35  3:59  Probe (Chrono Boost)  
  37  4:09  Probe (Chrono Boost)  
  38  4:22  Stalker, Gateway  
  40  4:24  Warp Prism  
  40  4:25  Pylon  
  42  4:35  Probe (Chrono Boost), Twilight Council  
  42  4:37  Probe (Chrono Boost)  
  44  4:41  Assimilator  
  44  5:02  Gateway  
  44  5:03  Gateway  
  35  5:26  Probe x2 (Chrono Boost)  
  37  5:36  Probe (Chrono Boost)  
  37  5:37  Probe (Chrono Boost)  
  37  5:39  Nexus  
  37  5:41  Pylon  
  39  5:43  Pylon  
  39  5:46  Adept  
  39  5:47  Probe (Chrono Boost)  
  42  5:51  Adept  
  44  6:00  Resonating Glaives  
  44  6:08  Dark Shrine  
  44  6:17  Stalker  
  46  6:23  Adept x2  
  50  6:41  Observer  
  51  6:58  Probe (Chrono Boost)  
  52  7:02  Observer  
  52  7:08  Probe (Chrono Boost)  
  52  7:10  Forge  
  50  7:19  Probe (Chrono Boost)  
  47  7:28  Dark Templar x3  
  47  7:29  Dark Templar x3, Probe (Chrono Boost)  
  60  7:32  Probe x2 (Chrono Boost)  
  62  7:40  Probe (Chrono Boost)  
  62  7:42  Probe (Chrono Boost)  
  64  7:50  Probe (Chrono Boost)  
  65  7:53  Stargate  
  65  8:01  Probe (Chrono Boost)  
  66  8:11  Probe (Chrono Boost)  
  67  8:22  Probe (Chrono Boost)  
  68  8:29  Photon Cannon  
  68  8:31  Zealot x4  
  68  8:32  Probe (Chrono Boost), Photon Cannon  
  77  8:36  Assimilator  
  77  8:40  Assimilator  
  77  8:43  Probe (Chrono Boost)  
  77  8:44  Stalker  
  77  8:45  Stalker, Pylon  
  82  8:49  Pylon  
  82  8:51  Fleet Beacon  
  82  8:54  Pylon  
  82  8:58  Probe x2 (Chrono Boost)  
  84  9:03  Assimilator  
  84  9:05  Probe (Chrono Boost)  
  84  9:08  Probe (Chrono Boost)  
  86  9:16  Probe (Chrono Boost)  
  87  9:22  Warp Prism  
  89  9:26  Probe (Chrono Boost)  
  90  9:34  Robotics Bay  
  90  9:37  Probe (Chrono Boost)  
  91  9:39  Robotics Facility  
  91  9:47  Probe (Chrono Boost)  
  91  9:48  Protoss Ground Weapons Level 1  
  91  9:51  Protoss Air Weapons Level 1  
  92  9:56  Blink  
  92  9:58  Probe (Chrono Boost)  
  93  10:09  Stalker  
  93  10:10  Stalker x3  
  72  10:44  Stalker  
  72  10:45  Stalker x2  
  72  10:46  Nexus  
  72  10:47  Stalker  
  72  11:13  Probe (Chrono Boost)  
  72  11:14  Probe (Chrono Boost)  
  72  11:15  Nexus  
  74  11:20  Disruptor  
  77  11:29  Extended Thermal Lance (Chrono Boost)  
  77  11:37  Assimilator  
  77  11:42  Protoss Shields Level 1, Assimilator  
  77  11:43  Probe  
  77  11:44  Probe  
  79  11:56  Probe  
  79  11:59  Zealot x2  
  84  12:22  Archon x3  
  84  12:26  Stalker x2  
  84  12:27  Stalker x3  
  78  13:00  Dark Templar  
  78  13:01  Dark Templar x3  
  78  13:02  Dark Templar x2  
  72  13:41  Dark Templar x2  
  78  13:44  Zealot x3  
Show
View Real Time Build Order
Export as new Build Order

MasteroP Zerg - Winner!

Build Orders: Pool First, Lurkers 

Get SALT Encoding   

  12  0:01  Drone  
  13  0:13  Overlord  
  13  0:17  Drone  
  14  0:32  Drone x2  
  16  0:43  Drone  
  16  0:48  Spawning Pool  
  16  0:54  Drone  
  16  0:56  Drone  
  18  0:58  Extractor  
  17  1:07  Drone  
  18  1:23  Hatchery  
  17  1:41  Zergling x6  
  17  1:43  Queen  
  22  2:10  Overlord  
  22  2:34  Drone x3  
  25  2:46  Hatchery  
  23  2:53  Drone x3  
  24  3:01  Drone x2  
  26  3:08  Drone  
  26  3:09  Drone  
  28  3:15  Roach Warren  
  27  3:22  Drone x2  
  27  3:25  Lair  
  29  3:28  Extractor  
  29  3:30  Overlord  
  29  3:32  Drone  
  29  3:34  Queen  
  29  3:38  Drone  
  32  3:41  Drone  
  33  3:51  Drone x4  
  37  4:03  Spore Crawler  
  37  4:07  Drone x4  
  40  4:14  Extractor  
  39  4:17  Extractor  
  38  4:27  Roach x4  
  38  4:28  Roach x2  
  38  4:30  Glial Reconstitution  
  50  4:38  Overlord x2  
  50  4:49  Hydralisk Den  
  49  4:54  Drone  
  49  4:55  Evolution Chamber, Drone  
  49  4:56  Evolution Chamber  
  49  5:22  Hydralisk  
  49  5:23  Hydralisk x5  
  61  5:43  Spore Crawler  
  61  5:49  Drone x6  
  66  5:51  Overlord x3  
  66  5:54  Zerg Missile Weapons Level 1  
  66  5:55  Zerg Ground Armor Level 1  
  66  6:09  Overlord  
  66  6:24  Drone x6  
  66  6:25  Drone  
  73  6:28  Spine Crawler  
  72  6:36  Spine Crawler  
  67  6:46  Overseer x2  
  66  7:04  Muscular Augments  
  66  7:09  Roach x9  
  66  7:10  Roach  
  86  7:46  Hatchery  
  85  7:51  Zerg Missile Weapons Level 2  
  85  7:52  Zerg Ground Armor Level 2  
  85  8:10  Extractor  
  85  8:12  Extractor  
  83  8:21  Spore Crawler  
  82  8:29  Spine Crawler  
  81  8:42  Drone x7  
  81  8:43  Drone x4  
  81  8:44  Overlord x3  
  92  8:49  Lurker Den  
  92  8:53  Overlord  
  92  9:00  Queen  
  94  9:08  Drone  
  94  9:09  Drone x2  
  97  9:13  Hydralisk x6  
  97  9:14  Hydralisk x3  
  115  9:39  Metabolic Boost  
  115  9:43  Zergling x4  
  115  9:44  Zergling x16  
  115  9:45  Zergling x2  
  126  9:48  Overlord  
  126  9:49  Overlord  
  126  10:35  Hydralisk  
  126  10:36  Hydralisk x9  
  126  10:39  Overlord x4  
  146  11:06  Lurker x2  
  146  11:07  Lurker  
  149  11:11  Zerg Melee Weapons Level 1  
  149  11:22  Lurker x2  
  149  11:23  Lurker x7  
  158  11:28  Hydralisk x2  
  162  11:35  Zergling x12  
  162  11:36  Zergling x2  
  169  11:55  Overlord x3  
  169  11:57  Hydralisk x4  
  177  12:12  Hatchery  
  176  12:22  Hydralisk  
  176  12:23  Hydralisk x8  
  176  12:24  Hydralisk x2  
  195  13:01  Hydralisk x2  
Show
View Real Time Build Order
Export as new Build Order

AlbertSPOT Protoss 

Build Orders: Dark Templar Rush 

Get SALT Encoding   

  12  0:01  Probe (Chrono Boost)  
  13  0:12  Probe (Chrono Boost)  
  14  0:25  Pylon  
  14  0:26  Probe (Chrono Boost)  
  15  0:38  Assimilator  
  15  0:43  Probe (Chrono Boost)  
  15  0:45  Gateway  
  16  1:00  Probe (Chrono Boost)  
  16  1:01  Assimilator  
  17  1:10  Probe (Chrono Boost)  
  18  1:21  Probe (Chrono Boost), Pylon  
  19  1:31  Probe (Chrono Boost)  
  20  1:35  Cybernetics Core  
  20  1:42  Probe (Chrono Boost)  
  21  1:53  Probe (Chrono Boost)  
  22  2:03  Probe (Chrono Boost)  
  23  2:14  Probe (Chrono Boost)  
  24  2:16  Warp Gate  
  24  2:19  Twilight Council  
  24  2:25  Pylon  
  24  2:28  Mothership Core (Chrono Boost)  
  26  3:12  Dark Shrine  
  26  3:17  Dark Shrine  
  26  3:20  Gateway  
  26  3:23  Gateway  
  26  3:47  Robotics Facility  
  26  4:07  Pylon  
  26  4:20  Probe (Chrono Boost)  
  27  4:30  Probe (Chrono Boost)  
  28  4:34  Warp Prism  
  30  4:46  Gateway  
  30  5:49  Nexus  
  30  5:52  Pylon  
  30  6:12  Pylon  
  30  6:22  Dark Templar x2  
  30  6:23  Dark Templar  
  36  7:08  Gateway  
  36  7:10  Gateway  
  36  7:12  Gateway  
  36  7:13  Gateway  
  36  7:20  Gateway  
  36  7:21  Gateway  
  36  7:26  Gateway  
  36  7:42  Probe (Chrono Boost)  
  37  7:52  Probe (Chrono Boost)  
  38  8:03  Probe (Chrono Boost)  
  39  8:13  Probe (Chrono Boost)  
  40  8:24  Probe (Chrono Boost)  
  40  8:26  Observer  
  42  8:54  Probe (Chrono Boost)  
  43  8:56  Assimilator  
  43  9:00  Assimilator  
  43  9:05  Probe (Chrono Boost)  
  43  9:07  Forge  
  44  9:11  Forge  
  44  9:15  Probe (Chrono Boost)  
  45  9:23  Pylon  
  45  9:25  Pylon  
  45  9:26  Probe (Chrono Boost)  
  46  9:37  Probe (Chrono Boost)  
  47  9:58  Warp Prism  
  49  10:08  Protoss Ground Weapons Level 1 (Chrono Boost)  
  49  10:15  Blink  
  49  10:26  Protoss Ground Armor Level 1 (Chrono Boost)  
  49  11:07  Stalker x2  
  49  11:08  Stalker x3  
  49  11:09  Stalker x5  
  69  11:25  Probe  
  69  11:32  Photon Cannon  
  70  11:34  Photon Cannon  
  70  11:35  Probe  
  71  11:46  Probe  
  71  11:48  Nexus  
  71  11:53  Stalker x5  
  71  11:54  Stalker x4  
  84  11:55  Stalker  
  91  12:39  Pylon x2  
  91  12:41  Pylon  
  45  13:06  Stalker x3  
  45  13:07  Stalker x3  
  45  13:08  Stalker  
  45  13:11  Observer  
  56  13:20  Templar Archives  
  43  13:48  Stalker x2  
  43  13:50  Stalker  
Show
View Real Time Build Order
Export as new Build Order

JohnZSC Protoss 

Build Orders: Oracle Opening 

Get SALT Encoding   

  12  0:01  Probe (Chrono Boost)  
  13  0:14  Probe (Chrono Boost)  
  13  0:21  Pylon  
  15  0:28  Probe (Chrono Boost)  
  15  0:39  Probe (Chrono Boost)  
  16  0:46  Gateway  
  16  0:53  Forge  
  16  0:56  Probe (Chrono Boost)  
  17  1:01  Assimilator  
  17  1:09  Pylon  
  17  1:13  Probe (Chrono Boost)  
  18  1:24  Probe (Chrono Boost)  
  19  1:30  Assimilator  
  19  1:37  Photon Cannon  
  19  1:42  Pylon  
  19  1:47  Probe (Chrono Boost)  
  20  1:51  Zealot  
  22  1:58  Probe (Chrono Boost)  
  23  2:05  Cybernetics Core  
  23  2:09  Probe (Chrono Boost)  
  24  2:18  Photon Cannon  
  24  2:34  Photon Cannon  
  24  2:37  Zealot  
  26  2:45  Stargate  
  26  2:58  Pylon  
  26  3:00  Probe (Chrono Boost)  
  27  3:36  Pylon  
  27  3:37  Oracle  
  30  3:44  Nexus  
  30  4:01  Protoss Air Weapons Level 1  
  30  4:08  Pylon  
  30  4:14  Photon Cannon  
  30  4:26  Mothership Core (Chrono Boost), Phoenix (Chrono Boost)  
  34  4:39  Assimilator  
  34  4:48  Photon Cannon  
  34  4:54  Void Ray (Chrono Boost)  
  38  5:29  Probe  
  39  5:37  Void Ray (Chrono Boost)  
  39  5:39  Probe  
  44  5:50  Probe  
  44  5:53  Probe, Assimilator  
  46  6:04  Photon Cannon  
  46  6:05  Probe  
  47  6:14  Pylon  
  47  6:16  Probe  
  47  6:17  Probe  
  49  6:27  Probe  
  49  6:29  Probe  
  51  6:38  Probe  
  52  6:41  Probe  
  53  6:50  Probe  
  53  6:53  Probe  
  55  6:57  Photon Cannon  
  55  7:00  Probe  
  55  7:06  Probe  
  57  7:11  Probe  
  58  7:21  Void Ray (Chrono Boost)  
  62  7:27  Stargate  
  62  7:44  Protoss Air Armor Level 1  
  62  7:46  Protoss Shields Level 1  
  66  7:59  Void Ray (Chrono Boost)  
  66  8:00  Pylon  
  66  8:03  Pylon  
  66  8:09  Photon Cannon  
  66  8:21  Void Ray (Chrono Boost)  
  70  8:36  Fleet Beacon  
  70  8:40  Twilight Council  
  70  8:59  Void Ray x2 (Chrono Boost)  
  78  9:18  Cybernetics Core  
  68  11:00  Void Ray (Chrono Boost)  
  68  11:01  Void Ray (Chrono Boost)  
  76  11:11  Stargate  
  76  11:20  Protoss Air Weapons Level 2  
  76  11:22  Protoss Air Armor Level 2  
  76  11:38  Stargate  
  76  11:42  Carrier x2 (Chrono Boost)  
  98  12:12  Void Ray (Chrono Boost)  
  102  12:30  Void Ray (Chrono Boost)  
Tags
 
Add a new tag
Caveats
  • Supply blocks, unpowered buildings, or Contaminate may cause inaccurate times.
  • Supply counts are checked every 10 seconds.